 Dungeon Crawl Stone Soup version 0.30.0-20-g3615ddf2f0 (webtiles) character file.

Game seed: 8161238425236425488

105 qw the Chopper (level 4, -1/28 HPs)
             Began as a Gargoyle Fighter on May 28, 2023.
             Slain by a gnoll
             ... wielding a +0 spear
             ... led by a gnoll bouda
              (4 damage)
             ... on level 3 of the Dungeon.
             The game lasted 00:00:48 (1559 turns).

qw the Chopper (Gargoyle Fighter)                   Turns: 1559, Time: 00:00:49

Health: -1/28      AC: 10    Str: 21    XL:     4   Next: 83%
Magic:  4/4        EV:  9    Int:  9    God:
Gold:   151        SH:  4    Dex:  9    Spells: 3/3 levels left

rFire   + . .        Y - +0 war axe
rCold   + . .        c - +0 buckler
rNeg    + . .        b - +0 scale mail
rPois   inf          (no helmet)
rElec   +            j - scarf {rC+ rF+}
rCorr   .            (no gloves)
SInv    .            (no boots)
Will    .....        (no amulet) Stlth
                     (no ring)
HPRegen 0.24/turn    (no ring)
MPRegen 0.09/turn

%: no passive effects
@: no status effects
A: sickness immunity, AC +3, negative energy resistance 1, electricity
resistance, torment resistance 1, petrification resistance
a: no special abilities


You were on level 3 of the Dungeon.
You visited 1 branch of the dungeon, and saw 3 of its levels.

You collected 151 gold pieces.


Innate Abilities, Weirdness & Mutations

You are immune to sickness and miasma.
Your stone body is resilient. (AC +3)
You are immune to poison.
You resist negative energy. (rN+)
You are resistant to electric shocks. (rElec)
You are resistant to unholy torment.
You are immune to petrification.


   Skills:
 - Level 3.2 Fighting
 + Level 4.4 Axes
 - Level 3.2 Armour
 - Level 3.2 Shields


You had 3 spell levels left.
You didn't know any spells.
Your spell library was empty.

Inventory:

Hand Weapons
 l - a +0 mace
 Y - a +0 war axe (weapon)
Armour
 b - a +0 scale mail (worn)
 c - a +0 buckler (worn)
 j - a scarf of resistance (worn)
Jewellery
 k - a ring of ice
 n - a +4 ring of slaying {mikee}
Scrolls
 f - 2 scrolls of identify
 m - a scroll of teleportation {unknown}
Potions
 a - a potion of curing
 d - a potion of might
 e - 2 potions of attraction
 g - a potion of flight {unknown}
 h - a potion of ambrosia {unknown}
 i - a potion of heal wounds {unknown}

Dungeon Overview and Level Annotations

Branches:
Dungeon (3/15)

Altars:
Gozag

Annotations:
D:3 3 runed translucent doors, qw's ghost, amateur GrFi


Message History

The gnoll hits you but does no damage. You block the gnoll's attack.
The gnoll bouda hits you but does no damage.
The gnoll hits you but does no damage.
You hit the gnoll bouda.
The gnoll bouda is heavily wounded.
The gnoll hits you from afar with a +0 spear.
The gnoll bouda hits you with a +0 whip.
The gnoll hits you but does no damage.
The gnoll hits you from afar with a +0 spear.
You block the gnoll bouda's attack.
You slash the gnoll bouda!
You kill the gnoll bouda!
The gnoll hits you but does no damage.
The gnoll hits you from afar with a +0 spear.
Your Axes skill increases to level 4!
The gnoll hits you with a +0 spear. The gnoll closely misses you.
Enter note: You completely miss the gnoll.
You slash the gnoll! The gnoll hits you but does no damage.
The gnoll hits you with a +0 spear. x2
You closely miss the gnoll.
The gnoll is severely wounded.
You hit the gnoll. The gnoll hits you but does no damage.
The gnoll hits you with a +0 spear. The gnoll closely misses you.
You closely miss the gnoll.
The gnoll is severely wounded.
You barely miss the gnoll.
The gnoll is no longer moving quickly.
The gnoll closely misses you. x2
You hit the gnoll.
The gnoll is almost dead.
You completely miss the gnoll.
The gnoll barely misses you. x2; The gnoll hits you with a +0 spear.
You slash the gnoll!
You kill the gnoll!
You hit the gnoll. The gnoll hits you but does no damage.
You barely miss the gnoll.
The gnoll is severely wounded.
The gnoll hits you with a +0 spear.
You die...

#.###############.#
#..:.......)#g....#
#####...#)..@)#
##.###..#.#.#
####.#####.....#
#.......##.#.#.#
#.##.##.##..^..# #
##.#.#..#.###
##...#.#.# #####
##.##.#.# #...#
#.##.#.# ###...###


You could see a gnoll.

Vanquished Creatures
  A gnoll bouda (D:3)
  A gnoll (D:3)
  3 adders (D:2)
  An orc (D:2)
  3 endoplasms
  A giant cockroach (D:2)
  3 goblins (D:1)
  3 hobgoblins
  2 jackals (D:2)
  A quokka (D:2)
  7 ball pythons
  2 bats
  3 frilled lizards
  2 kobolds
  6 rats
39 creatures vanquished.

Notes
Turn   | Place    | Note
-------+----------+-------------------------------------------
     0 | D:1      | qw the Gargoyle Fighter began the quest for the Orb.
     0 | D:1      | Reached XP level 1. HP: 14/14 MP: 1/1
     0 | D:1      | 0 ||| qw: Version: 0.2-a-100-g7972860
     0 | D:1      | 0 ||| qw: Game counter: 241
     0 | D:1      | 0 ||| qw: Always use a shield: true
     0 | D:1      | 0 ||| qw: God list: Okawaru
     0 | D:1      | 0 ||| qw: Allow faded altars: false
     0 | D:1      | 0 ||| qw: Do Orc after D:15 true
     0 | D:1      | 0 ||| qw: Do second Lair branch before Depths: true
     0 | D:1      | 0 ||| qw: Lair rune preference: random
     0 | D:1      | 0 ||| qw: Plans: Normal, Zot:1-4, Slime:5, God:TSO, Crypt,
                  | Tomb, Pan, Hells, Abyss, Win
     0 | D:1      | 0 ||| PLANNING D:1-11
    62 | D:1      | Reached skill level 2 in Axes
   101 | D:1      | Reached XP level 2. HP: 15/19 MP: 2/2
   341 | D:1      | 341 ||| DROPPING +0 club.
   748 | D:1      | 748 ||| UPGRADING to scarf of resistance.
   753 | D:1      | 753 ||| DROPPING ring of magical power.
   754 | D:1      | 754 ||| READING 2 scrolls labelled GIREL RIDUO.
   755 | D:1      | 755 ||| READING scroll labelled JORHEIDD HYSSASH.
   756 | D:1      | 756 ||| READING scroll labelled BEUQOD DYAR.
   757 | D:1      | 757 ||| DRINKING 2 brown potions.
   758 | D:1      | 758 ||| DROPPING scroll of butterflies.
   827 | D:2      | Reached skill level 3 in Axes
   827 | D:2      | Reached XP level 3. HP: 20/23 MP: 3/3
   845 | D:2      | 845 ||| Stepping ~*~*~tactically~*~*~ (stealth).
   982 | D:2      | 982 ||| Stepping ~*~*~tactically~*~*~ (hiding).
  1010 | D:2      | 1010 ||| Stepping ~*~*~tactically~*~*~ (stealth).
  1022 | D:2      | Reached XP level 4. HP: 28/28 MP: 4/4
  1319 | D:2      | 1319 ||| READING scroll labelled NEBAPE HEPUPPU.
  1320 | D:2      | 1320 ||| READING 2 scrolls of identify.
  1320 | D:2      | 1320 ||| IDENTIFYING glowing brown potion
  1336 | D:3      | Found a runed translucent gate.
  1336 | D:3      | Found a runed translucent gate.
  1336 | D:3      | Found a runed translucent gate.
  1341 | D:3      | Found an opulent altar of Gozag.
  1348 | D:3      | Noticed qw's ghost (amateur GrFi)
  1541 | D:3      | 1541 ||| Stepping ~*~*~tactically~*~*~ (hiding).
  1542 | D:3      | 1542 ||| Stepping ~*~*~tactically~*~*~ (hiding).
  1543 | D:3      | 1543 ||| Stepping ~*~*~tactically~*~*~ (hiding).
  1544 | D:3      | 1544 ||| Stepping ~*~*~tactically~*~*~ (hiding).
  1553 | D:3      | Reached skill level 4 in Axes
  1554 | D:3      | HP: 6/28 [gnoll/+0 spear[a gnoll bouda] (5)]
  1557 | D:3      | HP: 2/28 [gnoll/+0 spear[a gnoll bouda] (4)]
  1559 | D:3      | Slain by a gnoll

Levels and vault maps discovered:
D:1:      lightli_arrival_boilingwater, layout_basic, minmay_heptomino_d4
D:2:      layout_rooms, serial_glass, glass_columns_a, glass_columns_a,
          kennysheep_generic_room_4
D:3:      layout_loops_ring, ebering_ghost_gozag,
          hellmonk_ecumenical_altar_leap_of_faith, uniq_natasha

Skill      XL: |  1  2  3  4 |
---------------+-------------+-----
Axes           | 2 3 4 |  4.4
Fighting       | |  3.2
Armour         | |  3.2
Shields        | |  3.2

Action                     |  1- 3 |  4- 6 || total
---------------------------+-------+-------++-------
  Melee: War axe           |   124 |    26 ||   150
    Use: Scroll            |     3 |     2 ||     5
         Potion            |     1 |       ||     1
 Armour: Scale mail        |    64 |    14 ||    78
  Dodge: Dodged            |    65 |    15 ||    80
  Block: Buckler           |    28 |     8 ||    36

Table legend:
 A = Non-vault XP
 B = Vault XP
 C = Vault XP percentage of total XP
 D = Non-vault monster count
 E = Vault monster count
 F = Vault count percentage of total count
                 A         B        C        D         E       F
            +---------+---------+-------+---------+---------+-------
      Total |     134 |      17 |  11.3 |      35 |       4 |  10.3
            +---------+---------+-------+---------+---------+-------
        D:1 |      21 |       2 |   8.7 |      14 |       2 |  12.5
        D:2 |      46 |      15 |  24.6 |      14 |       2 |  12.5
        D:3 |      67 |       0 |   0.0 |       7 |       0 |   0.0
            +---------+---------+-------+---------+---------+-------
